 Dungeon Crawl Stone Soup version 0.22-a0-348-gd16d139 (webtiles) character file.

9487 RoseArtemis the Cleaver (level 11, -3/101 HPs)
             Began as a Minotaur Fighter on Apr 7, 2018.
             Was a High Priest of Okawaru.
             Slain by a two-headed ogre
             ... wielding a +0 giant spiked club
              (21 damage)
             ... on level 10 of the Dungeon.
             The game lasted 00:24:41 (13051 turns).

RoseArtemis the Cleaver (Minotaur Fighter)         Turns: 13051, Time: 00:24:42

Health: -3/101     AC: 22    Str: 20    XL:     11   Next: 23%
Magic:  12/13      EV:  6    Int:  6    God:    Okawaru [*****.]
Gold:   942        SH:  0    Dex: 13    Spells: 10/10 levels left

rFire    . . .     SeeInvis .   a - +0 battleaxe
rCold    + . .     Gourm    .   (shield currently unavailable)
rNeg     . . .     Faith    .   K - +0 plate armour
rPois    +         Spirit   .   v - +1 hat
rElec    .         Reflect  .   y - +0 cloak
rCorr    .         Harm     .   g - +2 pair of gloves
MR       .....                  h - +0 pair of boots
Stlth    ..........             (no amulet)
HPRegen  0.26/turn              u - ring of poison resistance
MPRegen  0.13/turn              r - ring of protection from cold

@: no status effects
A: retaliatory headbutt, horns 2
a: Heroism, Finesse, Renounce Religion


You were on level 10 of the Dungeon.
You worshipped Okawaru.
Okawaru was extremely pleased with you.
You were not hungry.

You visited 2 branches of the dungeon, and saw 11 of its levels.
You also visited: Sewer and Ossuary.

You collected 1124 gold pieces.
You spent 182 gold pieces at shops.

Inventory:

Hand Weapons
 a - a +0 battleaxe (weapon)
Missiles
 F - a throwing net (quivered)
Armour
 g - a +2 pair of gloves (worn)
 h - a +0 pair of boots (worn)
 v - a +1 hat (worn)
 y - a +0 cloak (worn)
 K - a +0 plate armour (worn)
Jewellery
 k - an uncursed ring of resist corrosion
 l - an uncursed ring of protection from magic
 r - a ring of protection from cold (right hand)
 u - a ring of poison resistance (left hand)
 L - a +5 ring of dexterity
Wands
 c - a wand of enslavement (29)
Scrolls
 n - 2 scrolls of enchant armour
 o - 2 scrolls of enchant weapon {unknown}
 s - 3 scrolls of amnesia
 t - 8 scrolls of teleportation
 x - 2 scrolls of fear {unknown}
 D - 2 scrolls of remove curse
 G - a scroll of fog {unknown}
 I - a scroll of immolation {unknown}
Potions
 d - 3 potions of might
 e - 4 potions of curing
 i - 2 potions of lignification
 j - 2 potions of mutation
 m - a potion of resistance
 p - 2 potions of agility
 q - 5 potions of flight
 w - 8 potions of heal wounds
 z - a potion of brilliance
 A - a potion of ambrosia
 B - a potion of cancellation
 C - 2 potions of magic
 E - a potion of degeneration {unknown}
 H - a potion of haste {unknown}
 J - a potion of berserk rage {unknown}
Comestibles
 f - 20 rations


   Skills:
 - Level 10.8 Fighting
 + Level 14.3 Axes
 - Level 10.4 Armour
   Level 3.6 Shields
 * Level 4.1 Invocations


You had 10 spell levels left.
You didn't know any spells.

Dungeon Overview and Level Annotations

Branches:
Dungeon (10/15)            Temple (1/1) D:5            Lair (0/6) D:9
    Orc: D:9-12

Altars:
Ashenzari
Cheibriados
Dithmenos
Elyvilon
Fedhas
Gozag
Hepliaklqana
Kikubaaqudgha
Makhleb
Nemelex Xobeh
Okawaru
Qazlal
Ru
Sif Muna
Trog
Uskayaw
Vehumet
Wu Jian
Xom
Yredelemnul
Zin
The Shining One

Shops:
D:4 [

Annotations:
D:10 1 runed door


Innate Abilities, Weirdness & Mutations

You reflexively headbutt those who attack you in melee.
You have a pair of horns on your head.


Message History

The two-headed ogre hits you but does no damage.
You hit the two-headed ogre but do no damage.
You headbutt the two-headed ogre!
The two-headed ogre is heavily wounded.
The two-headed ogre hits you with a giant spiked club.
The two-headed ogre hits you but does no damage.
You hit the two-headed ogre. You headbutt the two-headed ogre!
The two-headed ogre is severely wounded.
You barely miss the two-headed ogre.
The two-headed ogre is severely wounded.
The two-headed ogre hits you but does no damage. x2
You barely miss the two-headed ogre.
The two-headed ogre is severely wounded.
The two-headed ogre hits you with a giant spiked club!
The two-headed ogre hits you with a giant club!!
* * * LOW HITPOINT WARNING * * *
You closely miss the two-headed ogre.
The two-headed ogre is severely wounded.
The two-headed ogre hits you with a giant spiked club!!
You die...

......#.# ..... #..#.## ....[.'.#
..... .#..##.# ......'.#
.....#########..#..#... ......#.#
...............##.[#.#. ......#.#
..?............#...#...
......#.#####............#...##.#
#######.....#............#.......
............#####O#.}....##.#####
................@.+.......#.#
.......[..........#.....###.#
..................#.....#...#
..................#######...#####
.........................>.......
.....................รท...........
..................###...........>
....######+#......# #........####
....#......#......# #........#


You could see a two-headed ogre.

Vanquished Creatures
  A two-headed ogre (D:7)
  An unseen horror (D:10)
  An ugly thing (D:10)
  A gargoyle (D:10)
  Psyche (D:9)
  4 hippogriffs
  Sigmund (D:2)
  6 yaks
  A human (D:7)
  2 wraiths (Ossuary)
  2 hogs (D:7)
  A basilisk (D:9)
  Edmund (D:5)
  Duvessa (D:6)
  5 orc warriors
  2 sky beasts (D:8)
  A black bear (D:7)
  4 ice beasts
  A necrophage (D:7)
  4 ogres
  2 crocodiles
  5 centaurs
  2 bullfrogs
  Dowan (D:6)
  A scorpion (D:8)
  7 wights
  6 killer bees (D:8)
  3 howler monkeys (D:8)
  2 crimson imps
  2 bullfrog zombies
  2 quasits
  3 hounds
  9 orc priests
  2 jellies
  9 orc wizards
  A centaur skeleton (D:4)
  Terence (D:2)
  An iguana (D:4)
  8 worker ants
  The ghost of 4thArraOfDagon the Firebug, a weakling DgFE (D:3)
  4 hound skeletons
  A howler monkey skeleton (D:5)
  A howler monkey zombie (D:5)
  16 adders
  A gnoll zombie (D:4)
  3 orc zombies
  3 river rats (Sewer)
  2 shadow imps
  An ooze (D:7)
  An adder skeleton (D:2)
  An adder zombie (Ossuary)
  6 worms
  6 leopard geckos
  45 orcs
  3 giant cockroaches
  5 goblins
  10 hobgoblins
  5 jackals
  A quokka (D:8)
  3 ball pythons
  7 bats
  11 frilled lizards
  3 hobgoblin skeletons (Ossuary)
  2 hobgoblin zombies (Ossuary)
  9 kobolds
  A kobold zombie (Ossuary)
  2 leopard gecko skeletons
  A quokka zombie (D:8)
  15 rats
278 creatures vanquished.

Vanquished Creatures (others)
  An orc wizard (D:7)
  2 iguanas (D:7)
  A worker ant (D:7)
  An ooze (D:7)
  A jackal (D:7)
6 creatures vanquished.

Grand Total: 284 creatures vanquished

Notes
Turn   | Place    | Note
-------+----------+-------------------------------------------
     0 | D:1      | RoseArtemis the Minotaur Fighter began the quest for the Orb.
     0 | D:1      | Reached XP level 1. HP: 19/19 MP: 0/0
   312 | D:1      | Reached skill level 3 in Axes
   312 | D:1      | Reached XP level 2. HP: 27/27 MP: 1/1
   813 | D:2      | Reached XP level 3. HP: 19/33 MP: 2/2
  1008 | D:2      | Noticed Terence
  1017 | D:2      | Killed Terence
  1017 | D:2      | Reached skill level 4 in Axes
  1017 | D:2      | Reached XP level 4. HP: 36/41 MP: 3/3
  1056 | D:2      | Noticed Sigmund
  1073 | D:2      | Killed Sigmund
  1073 | D:2      | Reached skill level 5 in Fighting
  1073 | D:2      | Reached skill level 5 in Axes
  1073 | D:2      | Reached skill level 5 in Armour
  1073 | D:2      | Reached XP level 5. HP: 16/48 MP: 4/4
  1348 | D:2      | Found a sacrificial altar of Ru.
  1738 | D:3      | Noticed 4thArraOfDagon's ghost (weakling DgFE)
  1743 | D:3      | Killed 4thArraOfDagon's ghost
  1743 | D:3      | Reached XP level 6. HP: 52/56 MP: 5/5
  2413 | D:3      | Reached skill level 6 in Axes
  2953 | D:4      | Found a transporter.
  3107 | D:4      | Found a transporter.
  3293 | D:4      | Found Zohuq's Antique Armour Emporium.
  3371 | D:4      | Found an ornate altar of the Wu Jian Council.
  3448 | D:4      | Reached XP level 7. HP: 52/62 MP: 6/6
  4068 | D:5      | Entered Level 5 of the Dungeon
  4153 | D:5      | Reached skill level 7 in Axes
  4383 | D:5      | Found a staircase to the Ecumenical Temple.
  4392 | Temple   | Entered the Ecumenical Temple
  4532 | Temple   | Became a worshipper of Warmaster Okawaru
  4565 | D:5      | Found a glowing drain.
  4575 | Sewer    | Entered a sewer
  5066 | D:5      | Noticed Edmund
  5083 | D:5      | Killed Edmund
  5083 | D:5      | Reached skill level 8 in Axes
  5153 | D:5      | Found a glowing golden altar of the Shining One.
  5153 | D:5      | Found a bloodstained altar of Trog.
  5387 | D:5      | Found a white marble altar of Elyvilon.
  5529 | D:5      | Reached XP level 8. HP: 71/71 MP: 7/7
  5773 | D:6      | Noticed Duvessa
  5776 | D:6      | Noticed Dowan
  5777 | D:6      | Reached * piety under Okawaru
  5782 | D:6      | Killed Duvessa
  5782 | D:6      | Reached skill level 9 in Axes
  5784 | D:6      | Killed Dowan
  5985 | D:4      | Bought a runed hat for 182 gold pieces
  6450 | D:6      | Reached skill level 10 in Axes
  6583 | D:6      | Reached ** piety under Okawaru
  6593 | D:6      | Reached XP level 9. HP: 68/81 MP: 8/8
  7313 | D:7      | Reached skill level 11 in Axes
  7314 | D:7      | Reached *** piety under Okawaru
  7498 | D:7      | Found a sand-covered staircase.
  7591 | D:7      | Found a shimmering altar of Xom.
  7623 | Ossuary  | Entered an ossuary
  8018 | D:7      | Reached skill level 12 in Axes
  8037 | D:7      | Reached **** piety under Okawaru
  8460 | D:7      | Reached XP level 10. HP: 60/91 MP: 9/9
  9874 | D:8      | Noticed a two-headed ogre
  9883 | D:7      | Killed a two-headed ogre
 10160 | D:8      | Reached skill level 10 in Fighting
 10160 | D:8      | Reached skill level 10 in Armour
 10163 | D:8      | Reached skill level 13 in Axes
 10356 | D:8      | Reached ***** piety under Okawaru
 10822 | D:8      | Found an ancient bone altar of Kikubaaqudgha.
 11289 | D:9      | Found a staircase to the Lair.
 11298 | D:9      | Reached skill level 1 in Invocations
 11924 | D:9      | Noticed Psyche
 11930 | D:9      | Killed Psyche
 11936 | D:9      | Reached XP level 11. HP: 90/101 MP: 11/11
 12047 | D:10     | Entered Level 10 of the Dungeon
 12064 | D:10     | Reached skill level 14 in Axes
 12116 | D:10     | Found a runed door.
 12116 | D:10     | Noticed a fire dragon
 12116 | D:10     | Noticed a sphinx
 12116 | D:10     | Noticed an ettin
 12118 | D:10     | Noticed a frost giant
 12118 | D:10     | Noticed a great orb of eyes
 12118 | D:10     | Noticed a great orb of eyes
 12118 | D:10     | Noticed a deep troll earth mage
 12118 | D:10     | Noticed a deep elf archer
 12167 | D:10     | Noticed a cyan ugly thing
 12180 | D:10     | Killed a cyan ugly thing
 12466 | D:10     | Killed an unseen horror
 13039 | D:10     | Noticed a two-headed ogre
 13051 | D:10     | Slain by a two-headed ogre

Vault maps used:
D:1:      minmay_arrival_hallway
D:2:      hangedman_ru_absence, uniq_sigmund, uniq_terence
D:4:      gammafunk_cloud_chamber, kennysheep_mini, serial_shops, shop_coins,
          grunt_decor_arrowhead
D:5:      lemuel_doored_altar, gammafunk_temple_overflow_statue, temple_pool_b,
          first_ration, portal_sewer_entry_d, corexii_leaking_fountain,
          uniq_edmund
D:6:      uniq_duvessa
D:7:      xom_confusion_cloud, nicolae_ossuary_entry_false_entrances,
          grunt_livestock, centaur_isle
D:8:      minmay_goldmine, nicolae_overflow_hidden_temple
D:9:      david_lair_generic, uniq_psyche
D:10:     minmay_gate_of_8
Temple:   eino_temple_rhombus
Sewer:    sewer_co_cracked_pipes
Ossuary:  ossuary_due_cavern

Skill      XL: |  1  2  3  4  5  6  7  8  9 10 11 |
---------------+----------------------------------+-----
Axes           | 3 4 5 6 8 10 12 13 14 | 14.3
Armour         | 4 5 6 7 9 10 | 10.4
Fighting       | 4 5 6 7 9 10 | 10.8
Invocations    | 1 4 |  4.1
Shields        | |  3.6

Action                   |  1- 3 |  4- 6 |  7- 9 | 10-12 || total
-------------------------+-------+-------+-------+-------++-------
Melee: War axe           |    64 |   150 |   118 |       ||   332
       Headbutt          |     7 |    23 |    45 |    45 ||   120
       Battleaxe         |       |       |   193 |   215 ||   408
Invok: Heroism           |       |       |       |     3 ||     3
       Finesse           |       |       |       |     1 ||     1
  Use: Scroll            |       |     8 |     8 |     5 ||    21
       Potion            |       |       |     1 |       ||     1
  Eat: Chunk             |       |     8 |     9 |    10 ||    27
       Ration            |       |       |     2 |     2 ||     4
Armor: Scale mail        |    28 |    67 |   167 |    69 ||   331
       Plate armour      |       |       |       |   196 ||   196
Dodge: Dodged            |    22 |    38 |   118 |   123 ||   301
Block: Shield            |    36 |    77 |    47 |       ||   160

Table legend:
 A = Spawn XP
 B = Non-spawn XP
 C = Spawn XP percentage of total XP
 D = Spawn monster count
 E = Non-spawn monster count
 F = Spawn count percentage of total count
 G = Total turns spent on level
                    A         B        C        D         E        F      G
               +---------+---------+-------+---------+---------+-------+---------
         Total |       0 |   13553 |   0.0 |       0 |     278 |   0.0 | 13051
               +---------+---------+-------+---------+---------+-------+---------
           D:1 |       0 |      23 |   0.0 |       0 |      17 |   0.0 |   655
           D:2 |       0 |     347 |   0.0 |       0 |      29 |   0.0 |  1058
           D:3 |       0 |     111 |   0.0 |       0 |      16 |   0.0 |   880
           D:4 |       0 |     302 |   0.0 |       0 |      23 |   0.0 |  1599
           D:5 |       0 |     591 |   0.0 |       0 |      23 |   0.0 |  1083
           D:6 |       0 |    1323 |   0.0 |       0 |      26 |   0.0 |  1317
           D:7 |       0 |    3853 |   0.0 |       0 |      35 |   0.0 |  2594
           D:8 |       0 |    1785 |   0.0 |       0 |      43 |   0.0 |  1102
           D:9 |       0 |    1910 |   0.0 |       0 |      20 |   0.0 |   995
          D:10 |       0 |    2561 |   0.0 |       0 |      10 |   0.0 |  1004
        Temple |       0 |      43 |   0.0 |       0 |       1 |   0.0 |   147
         Sewer |       0 |      72 |   0.0 |       0 |      22 |   0.0 |   388
       Ossuary |       0 |     632 |   0.0 |       0 |      13 |   0.0 |   229
               +---------+---------+-------+---------+---------+-------+---------
